 Dungeon Crawl Stone Soup version 0.27-a0-13-g87abb2d9eb (webtiles) character file.

Game seed: 3163194757179503059

152 dickylongcocking the Chiller (level 5, -2/52 HPs)
             Began as a Human Ice Elementalist on Jan 2, 2021.
             Was an Initiate of Gozag.
             Killed by nerve-wracking pain
             ... invoked by Grinder
              (4 damage)
             ... on level 3 of the Dungeon.
             The game lasted 00:03:09 (2674 turns).

dickylongcocking the Chiller (HuIE)                 Turns: 2674, Time: 00:03:10

Health: -2/52      AC:  5    Str:  4    XL:     5   Next: 60%
Magic:  8/10       EV: 11    Int: 17    God:    Gozag
Gold:   260        SH:  0    Dex: 13    Spells: 7/11 levels left

rFire    . . .     SeeInvis .   c - +1 mace
rCold    . . .     Faith    .   (no shield)
rNeg     . . .     Spirit   .   j - +1 leather armour
rPois    +         Reflect  .   (no helmet)
rElec    .         Harm     .   h - +0 cloak
rCorr    .         Rampage  .   (no gloves)
Will     .....                  (no boots)
Stlth    ..........             (no amulet)
HPRegen  0.17/turn              n - -4 ring of strength (curse)
MPRegen  0.12/turn              f - ring of poison resistance

@: berserking, gold aura, frozen ramparts, very quick
A: no striking features
a: Renounce Religion, Potion Petition, Call Merchant, Bribe Branch


You were on level 3 of the Dungeon.
You worshipped Gozag.
Gozag was aware of your devotion.
You visited 1 branch of the dungeon, and saw 3 of its levels.

You collected 292 gold pieces.
You paid 32 gold pieces to Gozag.

Inventory:

Hand Weapons
 c - a +1 mace (weapon)
Armour
 a - a +0 robe
 h - a +0 cloak (worn)
 i - a scarf of resistance
 j - a +1 leather armour (worn)
Jewellery
 f - a ring of poison resistance (right hand)
 g - an uncursed ring of see invisible
 n - a cursed -4 ring of strength (left hand)
Scrolls
 l - a scroll of teleportation


   Skills:
 - Level 2.0 Dodging
 - Level 2.0 Stealth
 * Level 3.6 Spellcasting
 * Level 5.4 Ice Magic


You had 7 spell levels left.
You knew the following spells:

 Your Spells              Type           Power        Failure   Level
a - Freeze                Ice            84%          3%          1
f - Frozen Ramparts       Ice            42%          10%         3

Your spell library contained the following spells:

 Spells                   Type           Power        Failure   Level
 Ozocubu's Armour         Ice            21%          10%         3
 Hailstorm                Conj/Ice       12%          67%         4
 Summon Ice Beast         Ice/Summ       12%          67%         4


Dungeon Overview and Level Annotations

Branches:
Dungeon (3/15)

Altars:
Gozag
Nemelex Xobeh

Annotations:
D:3 Grinder


Message History

The wall freezes the orc.
Grinder resists.
The wall freezes Grinder.
Grinder hits you!
* * * LOW HITPOINT WARNING * * *
A hobgoblin comes into view. It is wielding a +0 club.
The wall freezes Robin.
You kill Robin!
Unknown command.
Unknown command.
Unknown command.
You sock Grinder!
Grinder is severely wounded.
The wall freezes the hobgoblin.
The wall freezes the goblin.
The goblin hits you.
* * * LOW HITPOINT WARNING * * *
The wall freezes the orc.
Grinder completely resists.
The wall freezes Grinder but does no damage.
Grinder gestures at you. Pain shoots through your body!
You die...
Your body crumbles into a pile of gold.

##.....########.........#
#...$...................#
#......................#
#.....................#
#........##....(....# #
#>.......###########
#.#..(.....# #......g..##
#......@### #.....5g#
......#.ob$.....
...###.#.o..o.... ...
#.#......... ..
..#......... . #.........
#.......g. #.........


You could see Grinder, 2 orcs, 2 hobgoblins, a goblin (strong) and a bat.

Vanquished Creatures
  A hound zombie (D:2)
  Robin (D:3)
  5 adders (D:2)
  2 oozes
  2 dart slugs
  2 leopard geckos
  3 orcs (D:3)
  A ball python (D:2)
  6 bats
  3 giant cockroaches
  9 goblins
  8 hobgoblins
  9 jackals
  3 kobolds
  2 quokkas (D:2)
  2 frilled lizards
  2 rats
61 creatures vanquished.

Notes
Turn   | Place    | Note
-------+----------+-------------------------------------------
     0 | D:1      | dickylongcocking the Human Ice Elementalist began the quest
                  | for the Orb.
     0 | D:1      | Reached XP level 1. HP: 13/13 MP: 3/3
    38 | D:1      | Reached XP level 2. HP: 9/19 MP: 0/5
   422 | D:1      | Reached XP level 3. HP: 9/24 MP: 1/6
   426 | D:1      | Learned a level 3 spell: Frozen Ramparts
  1316 | D:2      | Found an opulent altar of Gozag.
  1316 | D:2      | Found a sparkling altar of Nemelex Xobeh.
  1346 | D:2      | Became a worshipper of Gozag Ym Sagoz the Greedy
  1399 | D:2      | Reached XP level 4. HP: 27/30 MP: 0/8
  1568 | D:2      | Reached skill level 5 in Ice Magic
  2167 | D:2      | Reached XP level 5. HP: 35/35 MP: 5/9
  2596 | D:3      | Noticed Robin
  2658 | D:3      | Noticed Grinder
  2673 | D:3      | HP: 2/52 [Grinder (8)]
  2673 | D:3      | Killed Robin
  2674 | D:3      | Killed from afar by Grinder

Illustrated notes

Levels and vault maps discovered:
D:1:      lightli_arrival_chessboard, layout_loops_ring, hex_medium
D:2:      layout_rooms, grunt_temple_overflow_opulence
D:3:      minmay_inner_zag, layout_basic, uniq_robin, uniq_grinder,
          uniq_sigmund, uniq_terence, uniq_jessica

Skill      XL: |  1  2  3  4 |
---------------+-------------+-----
Spellcasting   | 3 |  3.6
Ice Magic      | 5 |  5.4
Dodging        | |  2.0
Stealth        | |  2.0

Action                   |  1- 3 |  4- 6 || total
-------------------------+-------+-------++-------
Melee: Mace              |    13 |    35 ||    48
       Unarmed           |     1 |       ||     1
 Cast: Freeze            |    21 |    31 ||    52
       Frozen Ramparts   |    10 |     8 ||    18
  Use: Scroll            |       |     6 ||     6
       Potion            |       |     4 ||     4
Armor: Robe              |    11 |       ||    11
       Leather armour    |     3 |    11 ||    14
Dodge: Dodged            |    20 |    50 ||    70

Table legend: (Time is in decaauts)
 A = Elapsed time spent in this place.
 B = Non-inter-level travel time spent in this place.
 C = Inter-level travel time spent in this place.
 D = Time resting spent in this place.
 E = Time spent auto-exploring this place.
 F = Levels seen in this place.
 G = Mean time per level.
                   A        B        C        D        E       F      G
               +--------+--------+--------+--------+--------+-----+--------+
         Total |   2688 |   2639 |     49 |    554 |   1643 |   3 |  896.0 |
       Dungeon |   2688 |   2639 |     49 |    554 |   1643 |   3 |  896.0 |
               +--------+--------+--------+--------+--------+-----+--------+

Top non-repeatable levels by time:
     D:1: 1294 daAuts
     D:2: 1214 daAuts
     D:3: 179 daAuts
